 Dungeon Crawl Stone Soup version 0.18.1-50-g88ac8fd (webtiles) character file.

103019 Gargoyl the Protected (level 15, -2/122 HPs)
             Began as a Demonspawn Abyssal Knight on Sept 15, 2016.
             Was the Champion of Lugonu.
             Slain by a tentacle (14 damage)
             ... attached to a kraken
             ... on level 1 of the Shoals.
             The game lasted 01:05:51 (24832 turns).

Gargoyl the Protected (Demonspawn Abyssal Knight)  Turns: 24832, Time: 01:05:52

Health: -2/122     AC: 28    Str: 22    XL:     15   Next: 87%
Magic:  17/17      EV:  9    Int: 14    God:    Lugonu [******]
Gold:   2035       SH:  0    Dex: 17    Spells: 0 memorised, 14 levels left

rFire  + + .     SeeInvis .     p - +5 broad axe (flame)
rCold  + . .     Gourm    .     W - +1 plate armour {rPois}
rNeg   . . .     Faith    .     l - +2 shield of Resistance {rF+ rC+ MR+}
rPois  +         Spirit   .     (helmet restricted)
rElec  .         Dismiss  .     r - +2 cloak
rCorr  .         Reflect  .     d - +1 pair of gloves {Str+3}
SustAt +         Harm     .     C - +0 pair of boots of the Princess {Dex+5}
MR     ++...                    O - amulet of regeneration
Stlth  ..........               B - ring of sustain attributes
                                f - ring of protection from fire

@: confused, about to teleport, very resistant to hostile enchantments,
extremely unstealthy
A: horns 2, large bone plates 2, foul stench 1, spiny 1, rot immunity
a: Depart the Abyss, Bend Space, Banish, Corrupt, Enter the Abyss, Brand Weapon
With Distortion, Renounce Religion


You were on level 1 of the Shoals.
You worshipped Lugonu.
Lugonu was exalted by your worship.
You were not hungry.

You visited 5 branches of the dungeon, and saw 26 of its levels.
You visited the Abyss 1 time.

You collected 2660 gold pieces.
You spent 625 gold pieces at shops.

Inventory:

Hand Weapons
 p - a +5 broad axe of flaming (weapon)
 w - the +4 rapier of Zatampyi {pierce, rC++ Str+3}
   (You found it on level 4 of the Dungeon)

   It inflicts extra damage upon your enemies.
   It affects your strength (+3).
   It greatly protects you from cold.
 y - the +1 hand axe "Haorch" {elec, *Corrode rC++ rN+ Dex-2}
   (You found it on level 5 of the Dungeon)

   Occasionally, upon striking a foe, it will discharge some electrical energy
   and cause terrible harm.
   It affects your dexterity (-2).
   It greatly protects you from cold.
   It protects you from negative energy.
   It may corrode you when you take damage.
 H - a +2 war axe of electrocution
 R - a +0 broad axe of draining
Missiles
 v - 24 tomahawks (quivered)
Armour
 d - a +1 pair of gloves of strength (worn)
 l - the +2 shield of Resistance (worn) {rF+ rC+ MR+}
   (You acquired it on level 10 of the Dungeon)

   It protects you from fire.
   It protects you from cold.
   It affects your resistance to hostile enchantments.
 r - a +2 cloak (worn)
 C - the +0 pair of boots of the Princess (worn) {Dex+5}
   (You bought it in a shop on level 2 of the Orcish Mines)

   It affects your dexterity (+5).
 W - a +1 plate armour of poison resistance (worn)
Jewellery
 a - an uncursed ring of magical power
 f - a ring of protection from fire (left hand)
 t - an uncursed ring of magical power
 z - an uncursed ring of protection from cold
 B - a ring of sustain attributes (right hand)
 O - an amulet of regeneration (around neck)
Wands
 e - a wand of polymorph (11/24)
 i - a wand of flame (23/48)
 k - a wand of teleportation (9/9)
 o - a wand of paralysis (3/24)
 E - a wand of lightning (8/15)
 J - a wand of digging (20/24)
 K - a wand of teleportation (6/9)
Scrolls
 b - 9 scrolls of identify
 h - a scroll of amnesia
 D - 6 scrolls of teleportation
 F - 9 scrolls of remove curse
 G - 4 scrolls of recharging
 L - 2 scrolls of fog
 T - 2 scrolls of fear
Potions
 n - 7 potions of brilliance
 q - a potion of curing
 x - 2 potions of agility
 A - a potion of cancellation
 U - 4 potions of resistance
Comestibles
 c - 20 bread rations
 g - 3 royal jellies
 j - 9 meat rations
 m - 15 fruits
 s - a slice of pizza
 u - 6 beef jerkies
 I - 2 chunks of flesh


   Skills:
 + Level 12.9 Fighting
 + Level 13.9 Axes
 + Level 1.8 Throwing
 * Level 14.2 Armour
 + Level 5.4 Dodging
 + Level 3.0 Stealth
 + Level 11.1 Shields
 + Level 3.4 Invocations


You had 14 spell levels left.
You didn't know any spells.

Dungeon Overview and Level Annotations

Branches:
Dungeon (14/15)            Temple (0/1) D:4            Lair (8/8) D:11
 Shoals (1/4) Lair:4       Spider (0/4) Lair:4        Slime (0/6) Lair:8
    Orc (2/2) D:11            Elf (1/3) Orc:2        Vaults (0/5) D:14

Altars:
Ashenzari
Dithmenos
Fedhas
Gozag
Makhleb
Okawaru
Pakellas
Trog
Xom
Yredelemnul
The Shining One
Beogh
Jiyva

Shops:
D:5 =   Orc:2 %?[   Elf:1 (

Portals:
Hell: Lair:8

Annotations:
D:9 Gastronok
Abyss:1 Urug


Innate Abilities, Weirdness & Mutations

You have a pair of horns on your head.
You are mostly covered in large bone plates (AC +3, SH +3).
You may emit foul miasma when damaged in melee.
You are partially covered in sharp spines.
You are immune to rotting.


Message History

The tentacle looks even sicker.
You block the tentacle's attack. The tentacle is struck by your spines.
The tentacle slaps you.
* * * LOW HITPOINT WARNING * * *
The tentacle is struck by your spines.
The tentacle slaps you but does no damage.
The tentacle is engulfed in dark miasma.
The tentacle slaps you!
* * * LOW HITPOINT WARNING * * *
The tentacle slaps you but does no damage.
Drink which item? (? for menu, Esc to quit)
You are confused.
You feel invigorated.
The tentacle slaps you but does no damage.
The tentacle slaps you.
* * * LOW HITPOINT WARNING * * *
The tentacle is engulfed in dark miasma.
The tentacle is struck by your spines. The tentacle slaps you.
* * * LOW HITPOINT WARNING * * *
The tentacle is struck by your spines. The tentacle slaps you!
You die...

...##..≈≈≈≈....≈≈≈ .
##..≈≈.#...≈≈≈
#....≈≈..≈.≈≈≈
##.......≈...≈≈ .
#.........≈...≈ ...
##..───...≈≈≈≈≈
....###../───\.≈≈≈≈≈≈
........www─**≈≈≈≈≈≈≈
.........@†(≈≈≈≈≈≈≈≈≈
...$.#####w<*.≈≈≈≈≈≈≈
##. ##V*≈≈X≈≈≈≈≈
#..≈≈≈≈≈≈≈≈
#..≈≈≈≈≈≈≈≈
..≈≈≈≈≈≈≈≈≈
#.H≈≈≈≈≈≈≈≈≈
...≈≈≈≈≈≈≈≈≈
#(.≈≈≈≈≈≈≈≈≈


You could see a kraken and 4 tentacles.

Vanquished Creatures
  Rupert (D:12)
  An orc warlord (Orc:2)
  A deep elf elementalist (Elf:1)
  A stone giant (D:13)
  2 dire elephants (Lair:8)
  Erolcha (D:12)
  Snorg (Lair:6)
  8 hydras
  A merfolk avatar (Lair:4)
  2 centaur warriors
  The ghost of Drunkenshrew the Fighter, a novice MiFi (D:8)
  Erica (Orc:1)
  5 dancing weapons
  2 death yaks (Lair:4)
  A death knight (D:12)
  6 orc high priests (Orc:2)
  A sun demon (Lair:7)
  2 deep elf knights (Elf:1)
  A skeletal warrior (D:12)
  A sea snake (Shoals:1)
  2 unseen horrors (D:14)
  3 hill giants
  4 deep elf archers (Elf:1)
  A wizard (Lair:8)
  5 orc knights (Orc:2)
  3 griffons
  2 cyclopes
  9 ugly things
  9 deep elf magi (Elf:1)
  3 orc sorcerers
  4 manticores
  A sixfirhy (Lair:7)
  Maurice (D:8)
  A siren (Shoals:1)
  5 black mambas
  5 orange demons
  A torpor snail (Lair:4)
  A smoke demon (Lair:8)
  10 spiny frogs
  2 gargoyles
  5 centaur skeletons
  2 freezing wraiths (D:12)
  3 rime drakes
  2 kobold demonologists (D:14)
  15 komodo dragons
  An ice devil (Lair:8)
  2 red devils (Lair:8)
  4 trolls
  A polar bear (Lair:7)
  Grinder (D:3)
  30 blink frogs
  3 boulder beetles (Lair:8)
  A snapping turtle (Shoals:1)
  9 slime creatures
  A spriggan (D:10)
  A shadow (D:14)
  2 wyverns
  Sigmund (D:4)
  A water elemental (Elf:1)
  A steam dragon (Lair:8)
  3 basilisks
  A wraith (D:12)
  10 hippogriffs
  42 yaks
  Edmund (D:4)
  A mottled dragon (D:14)
  3 wargs
  16 water moccasins
  2 hell hounds (Lair:8)
  15 porcupines
  A sky beast (D:8)
  38 orc warriors
  3 eyes of draining
  4 wasps
  A necrophage (D:7)
  5 phantoms
  4 boggarts (D:14)
  6 ogres
  12 centaurs
  19 wolves
  24 crocodiles
  8 big kobolds
  Blork the orc (D:4)
  20 giant frogs
  A gnoll sergeant (Orc:1)
  An earth elemental (Elf:1)
  5 scorpions
  7 killer bees
  A howler monkey (D:4)
  An electric eel (D:13)
  A jelly (D:5)
  3 centaur zombies
  5 crimson imps
  A giant frog zombie (D:11)
  32 orc priests
  6 hounds
  2 giant frog skeletons
  34 orc wizards
  6 iguanas
  11 worker ants
  48 sheep
  A killer bee zombie (D:5)
  2 hound zombies
  2 hound skeletons
  A howler monkey skeleton (D:5)
  10 gnolls
  14 adders
  89 river rats
  7 shadow imps
  2 oozes
  An adder skeleton (D:8)
  4 worms
  A dart slug (D:1)
  A giant gecko (D:5)
  102 orcs
  3 bats
  6 giant cockroaches
  9 goblins
  7 hobgoblins
  20 jackals
  2 quokkas
  A ball python (D:3)
  A giant gecko skeleton (D:5)
  5 giant newts
  57 kobolds
  2 quokka zombies (D:5)
  10 rats
  7 fungi
  A plant (Lair:4)
971 creatures vanquished.

Vanquished Creatures (others)
  3 fungi
  13 plants
  4 tentacles (Shoals:1)
  637 tentacle segments (Shoals:1)
657 creatures vanquished.

Grand Total: 1628 creatures vanquished

Notes
Turn   | Place    | Note
--------------------------------------------------------------
     0 | Abyss:1  | Gargoyl the Demonspawn Abyssal Knight began the quest for the Orb.
     0 | Abyss:1  | Reached XP level 1. HP: 18/18 MP: 2/2
    55 | Abyss:2  | Noticed a small abomination
    92 | Abyss:2  | Noticed a small abomination
    96 | Abyss:2  | Noticed a two-headed ogre
   111 | Abyss:2  | Noticed a small abomination
   112 | Abyss:2  | Noticed a raiju
   114 | D:1      | Escaped the Abyss
   357 | D:1      | Reached * piety under Lugonu
   527 | D:1      | Gained mutation: You have a pair of small horns on your head. [demonic ancestry]
   527 | D:1      | Reached XP level 2. HP: 24/24 MP: 3/3
  1030 | D:2      | Gained mutation: You are partially covered in large bone plates (AC +2, SH +2). [demonic ancestry]
  1030 | D:2      | Reached XP level 3. HP: 30/30 MP: 4/4
  1203 | D:2      | Reached skill level 2 in Armour
  1224 | D:2      | Found an oddly glowing altar of Pakellas.
  1714 | D:3      | Gained mutation: You are partially covered in sharp spines. [demonic ancestry]
  1714 | D:3      | Reached XP level 4. HP: 29/37 MP: 6/6
  1823 | D:3      | Reached skill level 1 in Dodging
  1894 | D:3      | Reached ** piety under Lugonu
  1940 | D:3      | Gained mutation: You have a pair of horns on your head. [demonic ancestry]
  1940 | D:3      | Reached XP level 5. HP: 26/43 MP: 7/7
  2036 | D:3      | Reached skill level 3 in Armour
  2405 | D:3      | Noticed Grinder
  2417 | D:3      | Paralysed by Grinder for 7 turns
  2425 | D:3      | Killed Grinder
  2425 | D:3      | Reached skill level 1 in Stealth
  2425 | D:3      | Reached XP level 6. HP: 14/49 MP: 8/8
  2693 | D:4      | Reached skill level 4 in Armour
  2763 | D:4      | Found a basalt altar of Yredelemnul.
  2789 | D:4      | Identified a scroll of acquirement
  2806 | D:4      | Reached XP level 7. HP: 26/55 MP: 9/9
  2810 | D:4      | Got an encrusted rapier
  2811 | D:4      | Identified the +4 rapier of Zatampyi {pierce, rC++ Str+3} (You found it on level 4 of the Dungeon)
  2867 | D:4      | Reached *** piety under Lugonu
  2867 | D:4      | Reached skill level 5 in Fighting
  3005 | D:4      | Noticed Edmund
  3015 | D:4      | Killed Edmund
  3015 | D:4      | Reached skill level 5 in Armour
  3034 | D:4      | Noticed Sigmund
  3040 | D:4      | Killed Sigmund
  3176 | D:4      | Gained mutation: You are mostly covered in large bone plates (AC +3, SH +3). [demonic ancestry]
  3176 | D:4      | Reached XP level 8. HP: 58/63 MP: 10/10
  3252 | D:4      | Noticed Blork the orc
  3264 | D:4      | Killed Blork the orc
  3455 | D:4      | Found a staircase to the Ecumenical Temple.
  3623 | D:4      | Reached **** piety under Lugonu
  3623 | D:4      | Reached skill level 6 in Armour
  3948 | D:5      | Entered Level 5 of the Dungeon
  3965 | D:5      | Reached skill level 5 in Axes
  4019 | D:5      | Found a shimmering altar of Xom.
  4078 | D:5      | Got a crude hand axe
  4080 | D:5      | Reached ***** piety under Lugonu
  4087 | D:5      | Reached skill level 7 in Armour
  4091 | D:5      | Identified the cursed +1 hand axe "Haorch" {elec, *Corrode rC++ rN+ Dex-2} (You found it on level 5 of the Dungeon)
  4145 | D:5      | Found Jofior's Jewellery Emporium.
  4442 | D:5      | Found a shimmering altar of Xom.
  4443 | D:5      | Found a glowing golden altar of the Shining One.
  4445 | D:5      | Found a blossoming altar of Fedhas.
  4445 | D:5      | Found a burning altar of Makhleb.
  4532 | D:5      | Found a bloodstained altar of Trog.
  4541 | D:5      | Reached XP level 9. HP: 68/69 MP: 0/11
  4936 | D:6      | Got a pair of bloodstained gloves
  4938 | D:6      | Identified the +2 pair of gloves "Sucin" {rN+ Dex+4} (You found it on level 6 of the Dungeon)
  5198 | D:7      | Found a shattered altar of Ashenzari.
  5285 | D:7      | Found a shadowy altar of Dithmenos.
  5373 | D:7      | Gained mutation: You have sharp fingernails. [potion of mutation]
  5373 | D:7      | Gained mutation: Your magical capacity is low (-10% MP). [potion of mutation]
  5373 | D:7      | Gained mutation: You possess an exceptional clarity of mind. [potion of mutation]
  5374 | D:7      | Gained mutation: You evolve. [potion of mutation]
  5374 | D:7      | Gained mutation: You have a pair of large horns on your head. [potion of mutation]
  5374 | D:7      | Lost mutation: You evolve. [potion of mutation]
  5856 | D:8      | Reached skill level 8 in Armour
  5989 | D:8      | Gained mutation: Your body sometimes deteriorates upon taking damage. [potion of mutation]
  5989 | D:8      | Gained mutation: You are dopey. (Int -2) [potion of mutation]
  5989 | D:8      | Lost mutation: You are dopey. (Int -2) [potion of mutation]
  5990 | D:8      | Lost mutation: Your magical capacity is low (-10% MP). [potion of cure mutation]
  5990 | D:8      | Lost mutation: Your body sometimes deteriorates upon taking damage. [potion of cure mutation]
  5990 | D:8      | Lost mutation: You possess an exceptional clarity of mind. [potion of cure mutation]
  5990 | D:8      | Lost mutation: You have a pair of large horns on your head. [potion of cure mutation]
  6098 | D:8      | Found an opulent altar of Gozag.
  6324 | D:8      | Noticed Drunkenshrew's ghost (novice MiFi)
  6350 | D:8      | Killed Drunkenshrew's ghost
  6350 | D:8      | Reached XP level 10. HP: 22/79 MP: 12/12
  6693 | D:8      | Noticed Maurice
  6704 | D:8      | Killed Maurice
  6704 | D:8      | Reached skill level 9 in Armour
  6795 | D:8      | Found an iron altar of Okawaru.
  6976 | D:9      | Noticed Gastronok
  7002 | D:10     | Entered Level 10 of the Dungeon
  7503 | D:10     | Reached skill level 1 in Throwing
  7763 | D:11     | Reached skill level 1 in Shields
  7768 | D:11     | Reached skill level 10 in Armour
  7768 | D:11     | Gained mutation: You are immune to rotting. [demonic ancestry]
  7768 | D:11     | Reached XP level 11. HP: 56/86 MP: 13/13
  8237 | D:11     | Found a staircase to the Lair.
  8239 | D:11     | Noticed a cyan ugly thing
  8254 | D:11     | Killed a cyan ugly thing
  8281 | D:11     | Reached ****** piety under Lugonu
  8841 | D:11     | Found a staircase to the Orcish Mines.
  8967 | Lair:1   | Entered Level 1 of the Lair of Beasts
  9185 | Lair:1   | Noticed a griffon
  9194 | Lair:1   | Killed a griffon
 11097 | Lair:2   | Reached skill level 5 in Shields
 11623 | Lair:3   | Noticed Urug
 11635 | Lair:3   | Banished Urug
 11637 | Lair:3   | Reached skill level 11 in Armour
 11637 | Lair:3   | Reached XP level 12. HP: 29/94 MP: 9/14
 12788 | Lair:4   | Reached skill level 10 in Axes
 12959 | Lair:4   | Found a staircase to the Shoals.
 13024 | Lair:4   | Noticed an eight-headed hydra
 13031 | Lair:4   | Killed a five-headed hydra
 13395 | Lair:4   | Noticed a death yak
 13420 | Lair:4   | Killed a death yak
 13556 | Lair:4   | Noticed a merfolk avatar
 13573 | Lair:4   | Killed a merfolk avatar
 13589 | Lair:4   | Found a hole to the Spider Nest.
 13603 | Lair:4   | Reached skill level 10 in Fighting
 13709 | Lair:4   | Noticed a death yak
 13719 | Lair:4   | Killed a death yak
 14034 | Lair:5   | Noticed a five-headed hydra
 14041 | Lair:5   | Killed a two-headed hydra
 14041 | Lair:5   | Reached XP level 13. HP: 100/104 MP: 15/15
 14087 | Lair:5   | Reached skill level 5 in Dodging
 14415 | Lair:5   | Reached skill level 12 in Armour
 14824 | Lair:6   | Got a fine great sword
 14825 | Lair:6   | Identified the +5 great sword of Xefagg {speed, +Inv rPois} (You found it on level 6 of the Lair of Beasts)
 14993 | Lair:6   | Got a steaming hand axe
 14994 | Lair:6   | Identified the +3 hand axe "Hokoigyu" {chop, rN+} (You found it on level 6 of the Lair of Beasts)
 15173 | Lair:6   | Noticed Snorg
 15359 | Lair:7   | Got a fine platinum ring
 15361 | Lair:7   | Identified the ring of Meteapei {+Fly rN+ MR- Dex+7} (You found it on level 7 of the Lair of Beasts)
 16079 | Lair:6   | Killed Snorg
 16541 | Lair:8   | Entered Level 8 of the Lair of Beasts
 16932 | Lair:8   | Noticed a dire elephant
 16946 | Lair:8   | Killed a dire elephant
 16946 | Lair:8   | Gained mutation: You may emit foul miasma when damaged in melee. [demonic ancestry]
 16946 | Lair:8   | Reached XP level 14. HP: 66/113 MP: 16/16
 17203 | Lair:8   | Found a viscous altar of Jiyva.
 17217 | Lair:8   | Found a staircase to the Slime Pits.
 17639 | Lair:8   | Found a burning altar of Makhleb.
 18028 | Lair:8   | Reached skill level 13 in Armour
 18103 | Lair:8   | Found a gateway to Hell.
 18111 | Lair:8   | Got a bound golden ring
 18114 | Lair:8   | Identified the ring "Qeenic" {rF+ Int+6 Dex+4 Slay-4} (You found it on level 8 of the Lair of Beasts)
 18447 | Orc:1    | Entered Level 1 of the Orcish Mines
 18904 | Orc:2    | Entered Level 2 of the Orcish Mines
 18922 | Orc:1    | Noticed Erica
 18932 | Orc:1    | Killed Erica
 18976 | Orc:2    | Found a roughly hewn altar of Beogh.
 19580 | Orc:2    | Found a staircase to the Elven Halls.
 19666 | Orc:2    | Noticed an orc warlord
 19705 | Orc:2    | Killed an orc warlord
 20071 | Orc:2    | Reached skill level 10 in Shields
 20460 | Orc:2    | Found Teno's Assorted Antiques.
 20460 | Orc:2    | Found Xixal's Antique Armour Boutique.
 20461 | Orc:2    | Found Jero's Food Shop.
 20461 | Orc:2    | Found Reoppus's Magic Scroll Boutique.
 20480 | Orc:2    | Bought a scroll of brand weapon for 320 gold pieces
 20480 | Orc:2    | Bought a scroll of teleportation for 48 gold pieces
 20481 | Orc:2    | Bought a pair of distressingly furry boots for 209 gold pieces
 20482 | Orc:2    | Identified the +0 pair of boots of the Princess {Dex+5} (You bought it in a shop on level 2 of the Orcish Mines)
 20499 | Orc:2    | Bought a scroll of teleportation for 48 gold pieces
 20596 | Elf:1    | Entered Level 1 of the Elven Halls
 20797 | Elf:1    | Reached XP level 15. HP: 121/121 MP: 17/17
 21200 | Elf:1    | Found Neuckeb's Weapon Shop.
 22055 | D:12     | Noticed Rupert
 22071 | D:12     | Killed Rupert
 22291 | D:12     | Noticed Erolcha
 22300 | D:12     | Killed Erolcha
 22403 | D:13     | Gained mutation: Scrolls take you a little longer to read. [mutagenic meat]
 22405 | D:13     | Gained mutation: You passively map a small area around you. [mutagenic meat]
 22406 | D:13     | Gained mutation: You are robust (+10% HP). [mutagenic meat]
 22407 | D:13     | Lost mutation: You have sharp fingernails. [potion of cure mutation]
 22407 | D:13     | Lost mutation: Scrolls take you a little longer to read. [potion of cure mutation]
 22407 | D:13     | Lost mutation: You are robust (+10% HP). [potion of cure mutation]
 22407 | D:13     | Lost mutation: You passively map a small area around you. [potion of cure mutation]
 23250 | D:13     | Reached skill level 14 in Armour
 23592 | D:14     | Found a gate to the Vaults.
 24136 | D:14     | Gained mutation: You have a pair of large horns on your head. [mutagenic meat]
 24137 | D:14     | Gained mutation: You are weak. (Str -2) [mutagenic meat]
 24138 | D:14     | Lost mutation: You have a pair of large horns on your head. [potion of cure mutation]
 24138 | D:14     | Lost mutation: You are weak. (Str -2) [potion of cure mutation]
 24737 | Shoals:1 | Entered Level 1 of the Shoals
 24815 | Shoals:1 | Noticed a kraken
 24832 | Shoals:1 | Slain by a tentacle

Skill      XL: |  1  2  3  4  5  6  7  8  9 10 11 12 13 14 15 |
---------------+----------------------------------------------+-----
Axes           | 2 3 5 7 8 9 10 12 13 | 13.9
Armour         | 2 3 4 5 7 8 10 11 12 13 14 | 14.2
Fighting       | 4 5 6 7 8 10 11 12 | 12.9
Dodging        | 1 2 3 4 5 |  5.4
Stealth        | 1 2 3 |  3.0
Throwing       | 1 |  1.8
Shields        | 1 5 6 8 10 11 | 11.1
Invocations    | 3 |  3.4

Action                   |  1- 3 |  4- 6 |  7- 9 | 10-12 | 13-15 || total
-------------------------+-------+-------+-------+-------+-------++-------
Melee: Hand axe          |   102 |    69 |    55 |       |       ||   226
       Headbutt          |    15 |    11 |    51 |   133 |   291 ||   501
       Broad axe         |       |       |   179 |   547 |  1223 ||  1949
       War axe           |       |       |       |       |     8 ||     8
Throw: Tomahawk          |       |       |       |     4 |    12 ||    16
       Javelin           |       |       |       |       |     3 ||     3
Invok: Depart the Abyss  |     1 |       |       |       |       ||     1
       Banish            |       |       |       |     1 |       ||     1
  Use: Potion            |       |     2 |    12 |     5 |    12 ||    31
       Scroll            |       |     2 |    14 |    18 |    23 ||    57
 Stab: Distracted        |       |       |     1 |       |       ||     1
       Invisible         |       |       |     2 |       |       ||     2
  Eat: Chunk             |     3 |     3 |    12 |    17 |    41 ||    76
       Fruit             |       |       |       |     5 |       ||     5
       Bread ration      |       |       |       |     1 |       ||     1
       Royal jelly       |       |       |       |       |     1 ||     1
Armor: Chain mail        |    84 |    57 |   135 |       |       ||   276
       Plate armour      |       |       |    74 |   403 |   636 ||  1113
Dodge: Dodged            |    30 |    30 |   123 |   156 |   299 ||   638
Block: Other             |     7 |    10 |    35 |     4 |       ||    56
       Shield            |       |       |       |   523 |  1187 ||  1710
